 Dungeon Sprint DCSS version 0.22-a0-422-g9628fc8 (webtiles) character file.

7980 Kidiri the Eclecticist (level 11, -1/68 HPs)
             Began as a Deep Elf Fire Elementalist on May 22, 2018.
             Was the Champion of Vehumet.
             Slain by an orc knight
             ... wielding a +0 long sword
              (22 damage)
             ... in the Dungeon (Sprint IX: "|||||||||||||||||||||||||||||").
             The game lasted 00:08:02 (1972 turns).

Kidiri the Eclecticist (Deep Elf Fire Elementalist) Turns: 1972, Time: 00:08:03

Health: -1/68      AC:  8    Str:  8    XL:     11   Next: 3%
Magic:  1/34       EV: 22    Int: 24    God:    Vehumet [******]
Gold:   671        SH:  0    Dex: 15    Spells: 26/44 levels left

rFire    + . .     SeeInvis .   e - +2 rapier (flame)
rCold    . . .     Gourm    .   (no shield)
rNeg     . . .     Faith    .   a - +0 robe
rPois    .         Spirit   .   o - +0 helmet
rElec    .         Reflect  .   r - +0 cloak
rCorr    .         Harm     .   z - +0 pair of gloves
MR       +....     Clarity  +   y - +0 pair of boots Stlth ++........NoTele +
                                (no amulet)
HPRegen  0.21/turn              p - +3 ring of strength
MPRegen  0.24/turn              q - +2 ring of evasion

@: no status effects
A: clarity, fire resistance 1, subdued magic 1
a: Renounce Religion


You were in the Dungeon.
You worshipped Vehumet.
Vehumet was exalted by your worship.
You were not hungry.

You visited 1 branch You collected 671 gold pieces.

Inventory:

Hand Weapons
 e - a +2 rapier of flaming (weapon)
 s - a +0 short sword of speed
Armour
 a - a +0 robe (worn)
 o - a +0 helmet (worn)
 r - a +0 cloak (worn)
 y - a +0 pair of boots (worn)
 z - a +0 pair of gloves (worn)
Jewellery
 p - a +3 ring of strength (left hand)
 q - a +2 ring of evasion (right hand)
Wands
 b - a wand of clouds (3)
 n - a wand of iceblast (10)
Scrolls
 i - 3 scrolls of blinking
 l - 3 scrolls of remove curse
 m - 2 scrolls of amnesia
 u - 4 scrolls of enchant weapon
 v - 2 scrolls of fog
Potions
 d - 5 potions of curing
 f - 2 potions of haste
 g - a potion of magic
 h - 2 potions of berserk rage
 j - a potion of invisibility
 k - 5 potions of heal wounds
 w - a potion of resistance
 x - 2 potions of flight
Comestibles
 c - 11 rations


   Skills:
 + Level 8.2 Fighting
 + Level 8.9 Short Blades
 + Level 8.2 Armour
 + Level 11.9 Dodging
 - Level 2.4 Stealth
 * Level 17.0 Spellcasting
 + Level 10.6 Conjurations
 + Level 11.1 Fire Magic


You had 26 spell levels left.
You knew the following spells:

 Your Spells              Type           Power        Failure   Level  Hunger
a - Flame Tongue          Conj/Fire      #####        0%          1    None
b - Throw Flame           Conj/Fire      ######       0%          2    None
c - Conjure Flame         Conj/Fire      ######..     1%          3    None
d - Inner Flame           Hex/Fire       #####...     1%          3    None
e - Sticky Flame          Conj/Fire      ######..     1%          4    None
f - Fireball              Conj/Fire      ######....   1%          5    None

Your spell library contained the following spells:

 Spells                   Type           Power        Failure   Level  Hunger


Dungeon Overview and Level Annotations

Branches:
Dungeon (1/1)

Altars:
Cheibriados
Dithmenos
Elyvilon
Fedhas
Gozag
Hepliaklqana
Kikubaaqudgha
Makhleb
Nemelex Xobeh
Okawaru
Qazlal
Ru
Sif Muna
Trog
Uskayaw
Vehumet
Wu Jian
Xom
Yredelemnul
Zin
The Shining One
Beogh
Jiyva
Lugonu


Innate Abilities, Weirdness & Mutations

You possess an exceptional clarity of mind.
Your flesh is heat resistant. (rF+)
Your spells are a little easier to cast, but a little less powerful.


Message History

The orc knight is almost dead.
The orc knight shouts!
The orc knight hits you with a long sword!!
Casting: Flame Tongue (safe; 0% risk of failure)
Confirm with . or Enter, or press ? or * to list all spells.
Aiming: Flame Tongue (safe; 0% risk of failure)
Press: ? - help, Shift-Dir - straight line, f/p - orc knight
Aim: an orc knight, wielding a long sword and wearing a plate armour (almost dead)
Okay, then.
Casting: Flame Tongue (safe; 0% risk of failure)
Confirm with . or Enter, or press ? or * to list all spells.
Aiming: Sticky Flame (safe; 1% risk of failure)
Press: ? - help, Shift-Dir - straight line, f/p - orc knight
Aim: an orc knight, wielding a long sword and wearing a plate armour (almost dead)
The sticky flame hits the orc knight.
The orc knight appears unharmed.
The orc knight is almost dead.
The orc knight is covered in liquid flames!
The orc knight burns!
The orc knight hits you with a long sword!!
You die...

▓_▓.▓'▓.▓.▓
▓_▓.▓.▓.▓.▓
▓_▓.▓.▓.▓.▓
▓_▓.▓.▓.▓o▓
▓_▓.▓.▓.▓)▓
▓'▓.▓.▓.▓.▓
▓.▓.▓(▓.▓)▓
▓.▓.▓)▓.▓o▓
▓.▓.▓.▓.▓@▓
▓.▓.▓†▓.▓(▓
▓.▓.▓.▓.▓.▓
▓[▓.▓.▓.▓.▓
▓.▓.▓.▓.▓(▓
▓)▓.▓.▓.▓.▓
▓.▓.▓'▓.▓.▓
▓.▓.▓.▓.▓.▓
▓÷▓.▓÷▓.▓.▓


You could see 2 orc knights.

Vanquished Creatures
  2 hydras (D)
  2 orc knights (D)
  An ugly thing (D)
  A deep elf mage (D)
  Maurice (D)
  A spiny frog (D)
  3 polar bears (D)
  A hippogriff (D)
  A blink frog (D)
  A wyvern (D)
  A hungry ghost (D)
  3 yaks (D)
  5 water moccasins (D)
  A porcupine (D)
  7 orc warriors (D)
  An ice beast (D)
  5 black bears (D)
  An ogre (D)
  4 crocodiles (D)
  A big kobold (D)
  A bullfrog (D)
  A hound (D)
  7 orc wizards (D)
  An iguana (D)
  2 worker ants (D)
  An adder (D)
  A leopard gecko (D)
  8 orcs (D)
  A jackal skeleton (D)
  A kobold (D)
  3 rats (D)
70 creatures vanquished.

Notes
Turn   | Place    | Note
-------+----------+-------------------------------------------
     0 | D        | Kidiri the Deep Elf Fire Elementalist began the quest for the Orb.
     0 | D        | Reached XP level 1. HP: 10/10 MP: 6/6
   181 | D        | Noticed a worker ant
   181 | D        | Noticed a hound
   181 | D        | Noticed an ogre
   181 | D        | Noticed an orc wizard
   186 | D        | Killed an orc wizard
   186 | D        | Reached skill level 1 in Fighting
   186 | D        | Reached skill level 1 in Armour
   186 | D        | Reached skill level 5 in Spellcasting
   186 | D        | Reached XP level 2. HP: 6/16 MP: 2/10
   186 | D        | Reached XP level 3. HP: 8/20 MP: 2/11
   191 | D        | Killed an ogre
   191 | D        | Reached skill level 7 in Spellcasting
   191 | D        | Reached skill level 5 in Fire Magic
   191 | D        | Reached XP level 4. HP: 27/27 MP: 1/15
   199 | D        | Reached skill level 5 in Dodging
   199 | D        | Reached XP level 5. HP: 29/32 MP: 0/17
   207 | D        | Reached skill level 8 in Spellcasting
   231 | D        | Found a roughly hewn altar of Beogh.
   231 | D        | Found a snail-covered altar of Cheibriados.
   231 | D        | Found a shadowy altar of Dithmenos.
   231 | D        | Found a white marble altar of Elyvilon.
   231 | D        | Found a blossoming altar of Fedhas.
   231 | D        | Found an opulent altar of Gozag.
   232 | D        | Found a hazy altar of Hepliaklqana.
   233 | D        | Found a viscous altar of Jiyva.
   234 | D        | Found an ancient bone altar of Kikubaaqudgha.
   235 | D        | Found a corrupted altar of Lugonu.
   236 | D        | Found a burning altar of Makhleb.
   237 | D        | Found a sparkling altar of Nemelex Xobeh.
   238 | D        | Found an iron altar of Okawaru.
   239 | D        | Found a stormy altar of Qazlal.
   240 | D        | Found a sacrificial altar of Ru.
   241 | D        | Found a deep blue altar of Sif Muna.
   242 | D        | Found a bloodstained altar of Trog.
   243 | D        | Found a hide-covered altar of Uskayaw.
   244 | D        | Found a radiant altar of Vehumet.
   245 | D        | Found an ornate altar of the Wu Jian Council.
   246 | D        | Found a shimmering altar of Xom.
   247 | D        | Found a basalt altar of Yredelemnul.
   248 | D        | Found a glowing silver altar of Zin.
   249 | D        | Found a glowing golden altar of the Shining One.
   252 | D        | Became a worshipper of Vehumet
   256 | D        | Learned a level 2 spell: Throw Flame
   260 | D        | Learned a level 3 spell: Conjure Flame
   264 | D        | Learned a level 3 spell: Inner Flame
   269 | D        | Learned a level 4 spell: Sticky Flame
   275 | D        | Learned a level 5 spell: Fireball
   471 | D        | Noticed a hippogriff
   471 | D        | Noticed a water moccasin
   477 | D        | Reached skill level 1 in Short Blades
   477 | D        | Reached skill level 9 in Spellcasting
   477 | D        | Reached XP level 6. HP: 34/37 MP: 10/20
   478 | D        | Reached * piety under Vehumet
   478 | D        | Offered knowledge of Freeze by Vehumet.
   482 | D        | Reached skill level 5 in Conjurations
   482 | D        | Killed a water moccasin
   488 | D        | Killed a hippogriff
   488 | D        | Reached ** piety under Vehumet
   488 | D        | Reached skill level 10 in Spellcasting
   488 | D        | Reached XP level 7. HP: 42/44 MP: 2/23
   602 | D        | Noticed a deep elf mage
   602 | D        | Noticed a hungry ghost
   602 | D        | Noticed a purple ugly thing
   609 | D        | Reached skill level 11 in Spellcasting
   613 | D        | Killed a purple ugly thing
   613 | D        | Reached skill level 5 in Fighting
   613 | D        | Reached skill level 5 in Armour
   613 | D        | Reached skill level 12 in Spellcasting
   613 | D        | Reached XP level 8. HP: 44/49 MP: 17/26
   621 | D        | Reached *** piety under Vehumet
   621 | D        | Reached skill level 5 in Short Blades
   625 | D        | Killed a deep elf mage
   733 | D        | Noticed Maurice
   746 | D        | Killed Maurice
   746 | D        | Offered knowledge of Throw Frost by Vehumet.
   746 | D        | Reached skill level 13 in Spellcasting
   838 | D        | Gained mutation: You have an increased reservoir of magic. (+10% MP) [potion of mutation]
   838 | D        | Gained mutation: You have a somewhat thin skeletal structure. (Dex +2, Stealth) [potion of mutation]
   839 | D        | Lost mutation: You have an increased reservoir of magic. (+10% MP) [potion of mutation]
   839 | D        | Lost mutation: You have a somewhat thin skeletal structure. (Dex +2, Stealth) [potion of mutation]
   839 | D        | Gained mutation: You possess an exceptional clarity of mind. [potion of mutation]
   839 | D        | Gained mutation: Your spells are a little easier to cast, but a little less powerful. [potion of mutation]
   839 | D        | Gained mutation: Your flesh is heat resistant. (rF+) [potion of mutation]
   841 | D        | Noticed a six-headed hydra
   843 | D        | Reached **** piety under Vehumet
   843 | D        | Reached XP level 9. HP: 46/55 MP: 22/28
   844 | D        | Noticed a seven-headed hydra
   853 | D        | Killed a six-headed hydra
   853 | D        | Reached skill level 10 in Dodging
   853 | D        | Reached skill level 14 in Spellcasting
   856 | D        | Killed a seven-headed hydra
   856 | D        | Reached ***** piety under Vehumet
   857 | D        | Reached skill level 15 in Spellcasting
   859 | D        | Reached XP level 10. HP: 27/63 MP: 11/31
  1054 | D        | Noticed a spiny frog
  1058 | D        | Offered knowledge of Dazzling Spray by Vehumet.
  1086 | D        | Reached skill level 10 in Fire Magic
  1088 | D        | Killed a spiny frog
  1278 | D        | Offered knowledge of Iskenderun's Mystic Blast by Vehumet.
  1313 | D        | Reached ****** piety under Vehumet
  1387 | D        | Reached skill level 16 in Spellcasting
  1387 | D        | Reached skill level 10 in Conjurations
  1621 | D        | Offered knowledge of Throw Icicle by Vehumet.
  1633 | D        | Noticed an orc knight
  1652 | D        | Killed an orc knight
  1915 | D        | Offered knowledge of Ozocubu's Refrigeration by Vehumet.
  1931 | D        | Noticed an orc knight
  1936 | D        | Killed an orc knight
  1936 | D        | Reached skill level 17 in Spellcasting
  1936 | D        | Reached XP level 11. HP: 35/68 MP: 21/34
  1937 | D        | Noticed an orc knight
  1941 | D        | Noticed an orc knight
  1972 | D        | Slain by an orc knight

Vault maps used:
D:        linesprint

Skill      XL: |  1  2  3  4  5  6  7  8  9 10 |
---------------+-------------------------------+-----
Fighting       | 1 2 3 4 5 6 7 8 |  8.2
Armour         | 1 2 3 4 5 6 7 8 |  8.2
Dodging        | 3 4 5 6 7 8 9 10 11 | 11.9
Spellcasting   | 5 7 9 10 12 13 15 17 | 17.0
Conjurations   | 2 3 4 6 7 8 9 10 | 10.6
Fire Magic     | 4 5 6 7 8 9 11 | 11.1
Short Blades   | 1 3 4 6 7 8 |  8.9
Stealth        | |  2.4

Action                   |  1- 3 |  4- 6 |  7- 9 | 10-12 || total
-------------------------+-------+-------+-------+-------++-------
Melee: Unarmed           |     7 |       |       |       ||     7
       Rapier            |       |       |     1 |    11 ||    12
 Cast: Flame Tongue      |    13 |    17 |    31 |    71 ||   132
       Inner Flame       |       |     2 |     4 |     9 ||    15
       Sticky Flame      |       |     1 |     5 |    17 ||    23
       Conjure Flame     |       |       |     2 |     5 ||     7
       Fireball          |       |       |       |     9 ||     9
       Throw Flame       |       |       |       |     1 ||     1
  Use: Potion            |     1 |     1 |     2 |     3 ||     7
 Stab: Sleeping          |       |       |     1 |       ||     1
  Eat: Chunk             |       |       |       |     3 ||     3
Armor: Robe              |     1 |       |     2 |     5 ||     8
Dodge: Dodged            |     6 |     8 |     7 |    34 ||    55

Table legend:
 A = Spawn XP
 B = Non-spawn XP
 C = Spawn XP percentage of total XP
 D = Spawn monster count
 E = Non-spawn monster count
 F = Spawn count percentage of total count
 G = Total turns spent on level
                    A         B        C        D         E        F      G
               +---------+---------+-------+---------+---------+-------+---------
         Total |       0 |   11401 |   0.0 |       0 |      70 |   0.0 |  1972
               +---------+---------+-------+---------+---------+-------+---------
             D |       0 |   11401 |   0.0 |       0 |      70 |   0.0 |  1972
               +---------+---------+-------+---------+---------+-------+---------
